 Dungeon Crawl Stone Soup version 0.25-a0-890-g62861fb (webtiles) character file.

Game seed: 9196449688373847315, levelgen mode: deterministic

18786 BlueFish the Grappler (level 12, -15/80 HPs)
             Began as an Octopode Warper on May 11, 2020.
             Was a High Priest of Cheibriados.
             Demolished by a seven-headed hydra (18 damage)
             ... on level 2 of the Lair of Beasts.
             The game lasted 00:50:20 (15924 turns).

BlueFish the Grappler (Octopode Warper)            Turns: 15924, Time: 00:50:21

Health: -15/80     AC:  1    Str: 27    XL:     12   Next: 62%
Magic:  0/28       EV: 20    Int: 27    God:    Cheibriados [*****.]
Gold:   1160       SH:  0    Dex: 30    Spells: 8/20 levels left

rFire    . . .     SeeInvis .     - Unarmed
rCold    . . .     Gourm    .   (no shield)
rNeg     . . .     Faith    .   (helmet restricted)
rPois    +         Spirit   +   a - amulet of guardian spirit
rElec    .         Reflect  .   g - ring of poison resistance
rCorr    .         Harm     .   i - ring of magical power
MR       .....                  l - ring of stealth
Stlth    +++++++...             (no ring)
HPRegen  0.23/turn              o - +6 ring of dexterity
MPRegen  0.21/turn              (no ring)
                                (no ring)
                                (no ring)

@: very slow
A: almost no armour, stealthy swim, amphibious, 8 rings, constrict 8, camouflage
1, gelatinous body 1
a: Bend Time, Temporal Distortion, Slouch, Step From Time, Renounce Religion


You were on level 2 of the Lair of Beasts.
You worshipped Cheibriados.
Cheibriados was extremely pleased with you.
You were hungry.

You visited 3 branches of the dungeon, and saw 14 of its levels.
You also visited: Ossuary and Volcano.

You collected 1214 gold pieces.
You spent 54 gold pieces at shops.

Inventory:

Missiles
 c - 18 boomerangs (quivered)
 m - 10 atropa-tipped darts
 x - 3 throwing nets
 y - 153 arrows
 z - 28 poisoned darts
Jewellery
 a - an amulet of guardian spirit (around mantle)
 g - a ring of poison resistance (left tentacle)
 i - a ring of magical power (right tentacle)
 l - a ring of stealth (on tentacle)
 o - a +6 ring of dexterity (on tentacle)
Wands
 B - a wand of iceblast (17)
Scrolls
 f - 2 scrolls of amnesia
 h - 4 scrolls of remove curse
 D - a scroll of vulnerability
Potions
 e - 4 potions of mutation
 j - 4 potions of brilliance
 k - 8 potions of curing
 p - a potion of invisibility
 r - a potion of might
 s - a potion of ambrosia
 t - 3 potions of stabbing
 u - a potion of magic
 v - 2 potions of lignification
 w - 3 potions of cancellation
Comestibles
 d - 21 rations


   Skills:
 * Level 6.9 Fighting
 * Level 6.5 Throwing
 * Level 6.9 Dodging
 * Level 10.3 Stealth
 * Level 11.2 Unarmed Combat
 + Level 4.7 Spellcasting
 + Level 3.9 Charms
 * Level 6.9 Translocations
 * Level 4.8 Poison Magic
 * Level 5.2 Invocations


You had 8 spell levels left.
You knew the following spells:

 Your Spells              Type           Power        Failure   Level  Hunger
a - Shroud of Golubria    Chrm/Tloc      #####.       1%          2    None
b - Blink                 Tloc           N/A          1%          2    None
c - Teleport Other        Tloc           #####...     1%          3    ##.....
d - Lesser Beckoning      Tloc           #####.....   1%          3    ##.....
e - Poisonous Vapours     Pois/Air       ###...       4%          2    None

Your spell library contained the following spells:

 Spells                   Type           Power        Failure   Level  Hunger
 Gell's Gravitas          Tloc           #####.....   1%          3    ##.....
 Passage of Golubria      Tloc           N/A          4%          4    ####...
 Mephitic Cloud           Conj/Pois/Air  ###.....     12%         3    ##.....
 Conjure Flame            Conj/Fire      #.......     22%         3    ##.....
 Cause Fear               Hex            #.........   58%         4    ####...
 Silence                  Hex/Air        #.........   90%         5    #####..
 Yara's Violent Unravell  Hex/Tmut       #.........   90%         5    #####..
 Freezing Cloud           Conj/Ice/Air   #.........   100%        6    #######
 Ring of Flames           Chrm/Fire      ###.......   100%        7    #######
 Discord                  Hex            #.........   100%        8    #######


Dungeon Overview and Level Annotations

Branches:
Dungeon (11/15)            Temple (1/1) D:7            Lair (2/6) D:8
    Orc (0/2) D:11        Ossuary (visited)         Volcano (visited)
  Swamp: Lair:2-4    Shoals: Lair:2-4     Snake: Lair:2-4    Spider: Lair:2-4

Altars:
Ashenzari
Cheibriados
Dithmenos
Elyvilon
Fedhas
Gozag
Hepliaklqana
Kikubaaqudgha
Makhleb
Nemelex Xobeh
Okawaru
Qazlal
Ru
Sif Muna
Trog
Uskayaw
Vehumet
Wu Jian
Xom
Yredelemnul
Zin
The Shining One

Shops:
D:5 *   D:8 *

Annotations:
Lair:1 exclusions: crocodile and hydra, Nergalle


Innate Abilities, Weirdness & Mutations

You cannot wear most types of armour.
You are very stealthy in the water. (Stealth+)
You are amphibious.
You can wear up to eight rings at the same time.
You can use your tentacles to constrict eight enemies at once.
Your skin changes colour to match your surroundings (Stealth+).
Your rubbery body absorbs attacks. (AC +1, EV +1)


Message History

Throwing (i - inventory. (/) - cycle)
c - 18 boomerangs (quivered)
Press: ? - help, Shift-Dir - straight line, f/p - seven-headed hydra
Aim: a seven-headed hydra (severely wounded, slow)
You throw a boomerang.
The boomerang hits the seven-headed hydra!
The seven-headed hydra is almost dead.
Casting: Blink (safe; 1% risk of failure)
Confirm with . or Enter, or press ? or * to list all spells.
You blink.
The seven-headed hydra closely misses you.
The seven-headed hydra barely misses you.
The seven-headed hydra closely misses you.
The seven-headed hydra bites you!
* * * LOW HITPOINT WARNING * * *
The seven-headed hydra bites you!
* * * LOW HITPOINT WARNING * * *
The seven-headed hydra bites you.
* * * LOW HITPOINT WARNING * * *
The seven-headed hydra bites you!!
You die...

##.#..# #P..##...## #......
#.....###...##...# ##....# ##
#.#.###.P#P..[# ####.. #P.#.F#
#P.......# #.# #...####...##.###
#P.# #.P..##(...#...###### ###..#
#........#.....P.##.###..#.#
#...P.P...†.#..............#
##.P###....@D§#.##.#.#....##
♣♣♣.##≈#P...##########..##.(#
♣♣♣P≈≈≈≈≈≈≈...#####.#.#####.#..
♣♣♣≈≈P≈≈≈P≈≈P................#.#.
♣≈≈≈≈≈≈≈P≈≈≈.....##.#.##.P.##...#
≈≈≈≈≈≈≈P≈P≈P...###############.##
≈≈≈≈≈≈≈≈≈P≈≈...# #..#
≈≈≈≈≈≈≈PP≈≈....## #..#
≈≈≈≈≈≈≈≈≈≈P≈≈..P# #.#.


You could see a seven-headed hydra.

Vanquished Creatures
  Snorg (D:11)
  A dancing weapon (Volcano)
  5 wizards (Volcano)
  An ugly thing (D:8)
  5 toenail golems (Volcano)
  A black mamba (Lair:2)
  Joseph (D:8)
  A gargoyle (D:11)
  4 spiny frogs
  2 komodo dragons
  A troll (D:10)
  A polar bear (Lair:2)
  Grinder (D:4)
  A meliai zombie (D:11)
  3 hippogriffs
  A centaur simulacrum (D:11)
  A wyvern (D:10)
  A steam dragon (D:8)
  6 yaks (D:8)
  3 porcupines
  2 water moccasins
  5 ice beasts
  4 orc warriors
  3 sky beasts
  3 black bears
  4 phantoms
  5 wolves (Lair:1)
  2 necrophages (D:11)
  10 ogres
  3 centaurs
  A big kobold (D:10)
  10 bullfrogs
  7 scorpions
  7 wights
  3 howler monkeys
  4 crimson imps
  3 bullfrog zombies
  A quasit (D:11)
  3 centaur zombies
  5 hounds
  A bullfrog skeleton (D:5)
  8 orc priests
  2 centaur skeletons
  3 iguanas
  11 orc wizards
  A hell rat (D:8)
  8 worker ants
  A hound skeleton (D:4)
  8 mummies (Ossuary)
  A howler monkey zombie (D:10)
  4 gnolls
  6 river rats (D:8)
  10 adders
  A howler monkey skeleton (D:5)
  3 shadow imps
  2 oozes
  An adder zombie (D:9)
  2 adder skeletons
  5 worms
  4 dart slugs
  8 leopard geckos
  41 orcs
  A bat (D:3)
  9 giant cockroaches
  2 gnoll zombies (Ossuary)
  A goblin (D:2)
  8 hobgoblins
  10 jackals
  3 quokkas
  3 ball pythons
  4 frilled lizards
  2 hobgoblin zombies (Ossuary)
  9 kobolds
  2 kobold zombies (Ossuary)
  2 orc zombies (Ossuary)
  A quokka skeleton (D:4)
  A quokka zombie (D:7)
  21 rats
336 creatures vanquished.

Vanquished Creatures (others)
  A fungus (Lair:2)
  A plant (Lair:2)
2 creatures vanquished.

Grand Total: 338 creatures vanquished

Notes
Turn   | Place    | Note
-------+----------+-------------------------------------------
     0 | D:1      | BlueFish the Octopode Warper began the quest for the Orb.
     0 | D:1      | Reached XP level 1. HP: 14/14 MP: 3/3
   579 | D:1      | Reached XP level 2. HP: 19/19 MP: 5/5
  1134 | D:2      | Found a shadowy altar of Dithmenos.
  1186 | D:1      | Reached skill level 1 in Stealth
  1186 | D:1      | Reached XP level 3. HP: 9/24 MP: 6/6
  1190 | D:1      | Learned a level 2 spell: Shroud of Golubria
  1193 | D:1      | Learned a level 2 spell: Blink
  1393 | D:2      | Found a shadowy altar of Dithmenos.
  1688 | D:2      | Reached XP level 4. HP: 25/30 MP: 7/7
  2741 | D:3      | Reached XP level 5. HP: 35/35 MP: 8/8
  2807 | D:3      | Reached skill level 3 in Unarmed Combat
  3369 | D:3      | Found a burning altar of Makhleb.
  3627 | D:4      | Reached XP level 6. HP: 39/42 MP: 9/9
  3867 | D:4      | Found a sand-covered staircase.
  3874 | Ossuary  | Entered an ossuary
  4103 | Ossuary  | Reached skill level 4 in Unarmed Combat
  4318 | D:4      | Reached skill level 1 in Charms
  4318 | D:4      | Reached XP level 7. HP: 46/46 MP: 10/10
  4705 | D:4      | Found an ancient bone altar of Kikubaaqudgha.
  4735 | D:4      | Noticed Grinder
  4754 | D:4      | Killed Grinder
  4754 | D:4      | Reached skill level 5 in Unarmed Combat
  5090 | D:4      | Found a white marble altar of Elyvilon.
  5294 | D:4      | Found an opulent altar of Gozag.
  5343 | D:5      | Entered Level 5 of the Dungeon
  5343 | D:5      | Found Vaor's Assorted Antiques.
  5352 | D:5      | Reached XP level 8. HP: 51/53 MP: 12/12
  5365 | D:5      | Learned a level 3 spell: Teleport Other
  5369 | D:5      | Learned a level 3 spell: Lesser Beckoning
  5374 | D:5      | Bought a scroll of identify for 54 gold pieces
  5978 | D:5      | Reached skill level 6 in Unarmed Combat
  6064 | D:5      | Found a shimmering altar of Xom.
  6260 | D:5      | Reached skill level 5 in Stealth
  6414 | D:6      | Reached XP level 9. HP: 51/58 MP: 14/14
  6496 | D:6      | Found a stormy altar of Qazlal.
  7255 | D:7      | Found a staircase to the Ecumenical Temple.
  7265 | Temple   | Entered the Ecumenical Temple
  7364 | Temple   | Became a worshipper of Cheibriados the Contemplative
  7480 | D:7      | Reached skill level 5 in Dodging
  7480 | D:7      | Reached skill level 7 in Unarmed Combat
  7520 | D:7      | Noticed a red ugly thing
  7700 | D:7      | Reached skill level 1 in Invocations
  8184 | D:8      | Noticed a cyan ugly thing
  8192 | D:8      | Killed a cyan ugly thing
  8192 | D:8      | Reached skill level 5 in Translocations
  8301 | D:8      | Found a staircase to the Lair.
  8375 | D:8      | Reached XP level 10. HP: 64/65 MP: 15/15
  8394 | D:8      | Found Hestri Zozist's Assorted Antiques.
  8475 | D:8      | Noticed Joseph
  8491 | D:8      | Killed Joseph
  8491 | D:8      | Reached skill level 5 in Fighting
  8491 | D:8      | Reached skill level 8 in Unarmed Combat
  8696 | D:8      | Reached * piety under Cheibriados
  9388 | D:8      | Reached skill level 5 in Throwing
  9421 | D:8      | Reached ** piety under Cheibriados
  9448 | D:8      | Found the +2 ratskin cloak {+Rats rPois rN+ Str-1 Int-1
                  | Dex+1}
 10387 | D:9      | Learned a level 2 spell: Poisonous Vapours
 10451 | D:9      | Reached skill level 9 in Unarmed Combat
 10557 | D:9      | Reached *** piety under Cheibriados
 10852 | D:10     | Entered Level 10 of the Dungeon
 11003 | D:10     | Reached XP level 11. HP: 72/72 MP: 17/17
 11033 | D:10     | Reached skill level 1 in Poison Magic
 12010 | D:11     | Reached **** piety under Cheibriados
 12045 | D:11     | Found a staircase to the Orcish Mines.
 12401 | D:11     | Noticed Snorg
 12419 | D:11     | Killed Snorg
 12419 | D:11     | Reached skill level 10 in Unarmed Combat
 12963 | Lair:1   | Entered Level 1 of the Lair of Beasts
 13354 | Lair:1   | Noticed Nergalle
 13486 | Lair:1   | Reached ***** piety under Cheibriados
 13851 | Lair:1   | Noticed a five-headed hydra
 14009 | Lair:2   | Noticed a seven-headed hydra
 14262 | Lair:2   | Found a dark tunnel.
 14329 | Volcano  | Entered a volcano
 14373 | Volcano  | Noticed a wizard
 14383 | Volcano  | Noticed a wizard
 14386 | Volcano  | Killed a wizard
 14386 | Volcano  | Reached XP level 12. HP: 76/80 MP: 18/18
 14427 | Volcano  | HP: 3/80 [wizard/crystal spear (54)]
 14454 | Volcano  | HP: 1/80 [something (9)]
 15015 | Volcano  | Reached skill level 10 in Stealth
 15312 | Volcano  | Reached skill level 5 in Invocations
 15314 | Volcano  | Reached skill level 11 in Unarmed Combat
 15924 | Lair:2   | HP: 3/80 [seven-headed hydra (5)]
 15924 | Lair:2   | Demolished by a seven-headed hydra

Levels and vault maps discovered:
D:1:      dpeg_arrival_solitude, layout_loops_corners
D:2:      layout_basic, nicolae_dithmenos_through_a_glass_darkly,
          serial_co_window_serial, co_window_corner_a,
          co_window_of_opportunity_a, co_window_paths_a, co_window_paths_a,
          co_window_of_opportunity_a, co_window_of_opportunity_b,
          co_window_paths_c, co_window_2corner, co_window_unsneaky_path_d,
          co_window_4corner_b, glass_columns_c, glass_columns_a,
          glass_columns_c, glass_columns_a, lemuel_altar_in_water
D:3:      layout_basic, lightli_temple_of_fire, minmay_misc_feat_square
D:4:      layout_basic, kiku_gazebo_garden_becter, kennysheep_little_box,
          nicolae_ossuary_entry_monument, minmay_ruined_shrine, uniq_grinder
D:5:      layout_basic, kennysheep_mini_moat, serial_shops, nicolae_shop_trees,
          first_ration
D:6:      layout_rooms, nicolae_qazlal_style_of_elements,
          nicolae_underground_beach
D:7:      layout_basic, minmay_temple_entry_grid, grunt_ogre_cave,
          lightli_corner_chamber
D:8:      wander_guarded_unrand_ratskin, layout_basic, dpeg_oklobed_lair,
          serial_shops, shop, uniq_joseph
D:9:      layout_grid_maze
D:10:     layout_roguey, serial_bayou_crossing
D:11:     layout_loops_corners, david_orc_2, minmay_misc_feat_doors, uniq_snorg
Temple:   lightli_temple_of_artemis
Lair:1:   layout_cave_pods, grunt_megastairs_5, uniq_nergalle
Lair:2:   layout_loops_ring, enter_volcano_1, serial_bayou_shore_a

Skill      XL: |  1  2  3  4  5  6  7  8  9 10 11 12 |
---------------+-------------------------------------+-----
Stealth        | 1 2 4 5 6 8 9 10 | 10.3
Dodging        | 3 4 5 6 |  6.9
Unarmed Combat | 3 4 5 6 7 9 10 11 | 11.2
Throwing       | 2 3 4 5 6 |  6.5
Fighting       | 3 4 5 6 |  6.9
Charms         | 1 2 3 |  3.9
Spellcasting   | 3 4 |  4.7
Translocations | 4 5 6 |  6.9
Invocations    | 1 3 4 5 |  5.2
Poison Magic   | 3 4 |  4.8

Action                   |  1- 3 |  4- 6 |  7- 9 | 10-12 || total
-------------------------+-------+-------+-------+-------++-------
Melee: Unarmed           |    86 |   181 |   298 |   522 ||  1087
       Constrict         |    24 |    55 |    49 |    89 ||   217
       Tentacles         |    10 |    43 |    86 |   178 ||   317
       Punch             |       |     8 |    15 |    63 ||    86
Throw: Boomerang         |       |       |     5 |    12 ||    17
       Dart              |       |       |       |    59 ||    59
       Throwing net      |       |       |       |     2 ||     2
 Cast: Shroud of Golubri |     7 |    31 |    59 |    76 ||   173
       Blink             |       |       |     1 |     5 ||     6
       Lesser Beckoning  |       |       |     1 |     7 ||     8
       Teleport Other    |       |       |       |     1 ||     1
Invok: Bend Time         |       |       |       |     7 ||     7
  Use: Scroll            |       |     6 |     9 |    13 ||    28
       Potion            |       |       |       |     8 ||     8
 Stab: Sleeping          |     5 |     5 |    17 |    42 ||    69
       Distracted        |       |       |       |     1 ||     1
  Eat: Chunk             |     3 |     9 |    18 |    15 ||    45
Armor: Skin              |     3 |     7 |    10 |     8 ||    28
Dodge: Dodged            |    48 |   120 |   170 |   365 ||   703

Table legend:
 A = Non-vault XP
 B = Vault XP
 C = Vault XP percentage of total XP
 D = Non-vault monster count
 E = Vault monster count
 F = Vault count percentage of total count
                 A         B        C        D         E       F
            +---------+---------+-------+---------+---------+-------
      Total |   17558 |    9280 |  34.6 |     270 |      66 |  19.6
            +---------+---------+-------+---------+---------+-------
        D:1 |      46 |       0 |   0.0 |      13 |       0 |   0.0
        D:2 |      78 |       0 |   0.0 |      22 |       0 |   0.0
        D:3 |     193 |       0 |   0.0 |      22 |       0 |   0.0
        D:4 |     285 |     427 |  60.0 |      12 |       6 |  33.3
        D:5 |    1087 |       0 |   0.0 |      24 |       0 |   0.0
        D:6 |     732 |       0 |   0.0 |      23 |       0 |   0.0
        D:7 |     848 |     118 |  12.2 |      14 |       1 |   6.7
        D:8 |    2418 |     577 |  19.3 |      18 |      22 |  55.0
        D:9 |    1730 |       0 |   0.0 |      36 |       0 |   0.0
       D:10 |    2483 |       0 |   0.0 |      37 |       0 |   0.0
       D:11 |    2501 |    1220 |  32.8 |      25 |       9 |  26.5
     Lair:1 |    1942 |     143 |   6.9 |      10 |       1 |   9.1
     Lair:2 |    3215 |       0 |   0.0 |      14 |       0 |   0.0
    Ossuary |       0 |     155 | 100.0 |       0 |      16 | 100.0
    Volcano |       0 |    6640 | 100.0 |       0 |      11 | 100.0
            +---------+---------+-------+---------+---------+-------
